 Dungeon Crawl Stone Soup version 0.29.1-12-g30fa7ad0bf (webtiles) character file.

Game seed: 18241208568130561335

3 xian the Charlatan (level 1, 0/13 HPs)
             Began as an Octopode Wanderer on Jan 6, 2023.
             Slain by a goblin
             ... wielding a +0 dagger
              (3 damage)
             ... on level 1 of the Dungeon.
             The game lasted 00:00:23 (46 turns).

xian the Charlatan (Octopode Wanderer)                Turns: 46, Time: 00:00:24

Health: 0/13       AC:  1    Str: 14    XL:     1   Next: 50%
Magic:  1/1        EV: 12    Int: 11    God:
Gold:   0          SH:  0    Dex: 11    Spells: 0/0 levels left

rFire   . . .      SeeInvis .   a - +0 short sword
rCold   . . .      Faith    .   (no shield)
rNeg    . . .      Spirit   .   (helmet restricted)
rPois   .          Reflect  .   (no amulet)
rElec   .          Harm     .   (no ring)
rCorr   .          Rampage  .   (no ring)
Will    .....                   (no ring)
Stlth   ++........              (no ring)
HPRegen 0.04/turn               (no ring)
MPRegen 0.07/turn               (no ring)
                                (no ring)
                                (no ring)

@: no status effects
A: almost no armour, amphibious, 8 rings, camouflage 1, gelatinous body 1,
(nimble swimmer 1), tentacles
a: no special abilities


You were on level 1 of the Dungeon.
You visited 1 branch of the dungeon, and saw 1 of its levels.

Inventory:

Hand Weapons
 a - a +0 short sword (weapon)
 d - a +0 dagger
Missiles
 c - 8 poisoned darts (quivered)
Scrolls
 f - a scroll of noise {unknown}
 g - a scroll of butterflies {unknown}
Potions
 e - a potion of berserk rage
Miscellaneous
 b - a phial of floods


   Skills:
 + Level 1.2 Fighting
 + Level 3.0 Short Blades
 + Level 1.0 Throwing
 + Level 5.5 Evocations


You couldn't memorise any spells.
You didn't know any spells.
Your spell library was empty.

Dungeon Overview and Level Annotations

Branches:
Dungeon (1/15)

Altars:


Innate Abilities, Weirdness & Mutations

You cannot wear most types of armour.
You are amphibious.
You can wear up to eight rings at the same time.
Your skin changes colour to match your surroundings (Stealth+).
Your rubbery body absorbs attacks. (AC +1, EV +1)
((You are camouflaged when in or above water. (Stealth+)))
You have tentacles for arms and can constrict up to eight enemies at once.


Message History

You hit the bat.
You kill the bat!
You see here a bat corpse.
A goblin comes into view. It is wielding a +0 dagger.
You see here a scroll labelled TAELEN OLOUHIAXO.
A goblin comes into view. It is wielding a +0 dagger.
You see here a scroll labelled TAELEN OLOUHIAXO.
g - a scroll labelled TAELEN OLOUHIAXO The goblin shouts!
You see here a bat corpse.
You throw a poisoned dart.
The poisoned dart barely misses the goblin.
A ball python comes into view.
You throw a poisoned dart.
The poisoned dart closely misses the goblin.
The poisoned dart hits the ball python.
The ball python is poisoned.
The ball python hisses angrily.
You hear a shout!
You throw a poisoned dart. The poisoned dart hits the goblin.
The goblin hits you with a +0 dagger.
You see here a bat corpse.
You closely miss the goblin. Your grab misses the goblin.
The goblin hits you with a +0 dagger.
You closely miss the goblin. Your grab misses the goblin.
You squeeze the goblin.
You kill the goblin!
The ball python closely misses you. The ball python barely misses you.
You kill the ball python!
You see here a +0 dagger.
You see here a bat corpse.
The goblin hits you with a +0 dagger.
You closely miss the goblin. Your grab misses the goblin.
The goblin hits you with a +0 dagger.
* * * LOW HITPOINT WARNING * * *
You closely miss the goblin. Your grab misses the goblin.
The goblin misses you.
You hit the goblin. Your grab misses the goblin.
Your squeeze misses the goblin.
The goblin is heavily wounded.
The goblin hits you with a +0 dagger.
You die...

###### #.><.#
#....# #....# ##
#.§§.# ########..g
#.§§^## #........#.
####§.###.[......g.
##..@g)(..((..#
#####†.......#
#........#
#........#
#........#
###...##.# ..### #
.## #


You could see a goblin.

Vanquished Creatures
  A ball python (D:1)
  A goblin (D:1)
  A bat (D:1)
3 creatures vanquished.

Notes
Turn   | Place    | Note
-------+----------+-------------------------------------------
     0 | D:1      | xian the Octopode Wanderer began the quest for the Orb.
     0 | D:1      | xian set off with the following items: a +0 short sword, a
                  | phial of floods, 11 poisoned darts, a +0 dagger, a potion
                  | of berserk rage.
     0 | D:1      | Reached XP level 1. HP: 13/13 MP: 1/1
    46 | D:1      | Slain by a goblin

Illustrated notes

Levels and vault maps discovered:
D:1:      dpeg_arrival_fog, layout_basic, st_stairs_13,
          minmay_misc_feat_four_crosses, minivault_19

Action                   || total
-------------------------++-------
Melee: Short sword       ||     8
       Tentacles         ||     1
Throw: Dart              ||     3
Armor: Skin              ||     2
Dodge: Dodged            ||     7
